 Dungeon Crawl Stone Soup version 0.22.0-75-g3901e79 (webtiles) character file.

52 PaladinM the Slasher (level 4, 0/35 HPs)
             Began as a Human Fighter on Sept 11, 2018.
             Killed from afar by an orc wizard (13 damage)
             ... with a puff of frost
             ... on level 3 of the Dungeon.
             The game lasted 00:05:01 (1382 turns).

PaladinM the Slasher (Human Fighter)                Turns: 1382, Time: 00:05:02

Health: 0/35       AC:  9    Str: 17    XL:     4   Next: 8%
Magic:  4/4        EV:  4    Int:  9    God:
Gold:   106        SH:  9    Dex: 12    Spells: 3/3 levels left

rFire    . . .     SeeInvis .   q - -2 dagger (curse)
rCold    . . .     Gourm    .   c - +0 shield
rNeg     . . .     Faith    .   o - +0 chain mail
rPois    .         Spirit   .   (no helmet)
rElec    .         Reflect  .   (no cloak)
rCorr    .         Harm     .   (no gloves)
MR       .....     Rnd*Tele +   (no boots)
Stlth    ..........             (no amulet)
HPRegen  0.11/turn              g - ring of teleportation (curse)
MPRegen  0.09/turn              (no ring)

@: no status effects
A: no striking features
a: no special abilities


You were on level 3 of the Dungeon.
You were very hungry.

You visited 1 branch of the dungeon, and saw 3 of its levels.

You collected 106 gold pieces.

Inventory:

Hand Weapons
 a - a +0 long sword
 q - a cursed -2 dagger (weapon)
Armour
 c - a +0 shield (worn)
 o - a +0 chain mail (worn)
Jewellery
 g - a cursed ring of teleportation (left hand)
Scrolls
 i - 3 scrolls of teleportation
 m - a scroll of magic mapping
 p - 2 scrolls of identify
Potions
 b - 2 potions of agility {unknown}
 d - a potion of might
 e - 2 potions of haste
 h - a potion of lignification {unknown}
 j - a potion of mutation
 k - 2 potions of cancellation
 l - a potion of curing {unknown}
 n - 2 potions of flight
Comestibles
 f - 10 rations


   Skills:
 - Level 3.0 Fighting
 + Level 4.0 Long Blades
 - Level 3.0 Armour
 - Level 3.0 Shields


You had 3 spell levels left.
You didn't know any spells.
Your spell library was empty.

Dungeon Overview and Level Annotations

Branches:
Dungeon (3/15)

Altars:
Cheibriados
Zin


Message History

You hit the orc but do no damage.
The orc is heavily wounded.
The orc barely misses you.
The orc wizard hits you but does no damage.
The orc wizard barely misses you.
The orc wizard miscasts a cantrip.
The orc wizard hits you but does no damage.
There is an open door here.
You are feeling very hungry.
There is a snail-covered altar of Cheibriados here.
The orc hits you but does no damage.
The orc wizard casts a cantrip, but nothing happens.
There is an open door here.
The orc wizard gestures at you while chanting.
The magic dart hits you!
The orc wizard gestures wildly while chanting.
The orc wizard seems to speed up.
The orc wizard points at you and mumbles some strange words.
The puff of frost hits you!
You die...

#...........#########
#...................# #
##...................#####
####....###....>............# #
.##....## #.......†.....###.# #
.)....## ##.......†.....###.# #
.......###...###............# ##
####....#...## #.........#######.
####........####@................
.............##......†÷..##......
##..............o........##..###.
#....##................###..#<..
#....##..........##...#.....#...
#....##.......o..##.#.#.....#...
#....##..........##.........#...
#..................##.......#...
#......######.####.###......#...


You could see an orc wizard and an orc.

Vanquished Creatures
  2 dart slugs
  2 leopard geckos (D:1)
  3 orcs (D:3)
  2 ball pythons
  4 giant cockroaches
  4 goblins
  2 hobgoblins (D:1)
  3 quokkas
  9 bats
  2 frilled lizards
  4 kobolds
  3 rats
40 creatures vanquished.

Notes
Turn   | Place    | Note
-------+----------+-------------------------------------------
     0 | D:1      | PaladinM the Human Fighter began the quest for the Orb.
     0 | D:1      | Reached XP level 1. HP: 18/18 MP: 1/1
    95 | D:1      | Reached XP level 2. HP: 24/24 MP: 2/2
   189 | D:1      | Reached skill level 3 in Long Blades
   337 | D:1      | Reached XP level 3. HP: 29/29 MP: 3/3
   762 | D:2      | Noticed a phantom
   951 | D:3      | Found a glowing silver altar of Zin.
  1285 | D:3      | Found a snail-covered altar of Cheibriados.
  1314 | D:3      | Reached skill level 4 in Long Blades
  1314 | D:3      | Reached XP level 4. HP: 35/35 MP: 4/4
  1382 | D:3      | Killed from afar by an orc wizard

Skill      XL: |  1  2  3 |
---------------+----------+-----
Long Blades    | 3 4 |  4.0
Fighting       | |  3.0
Armour         | |  3.0
Shields        | |  3.0

Action                   |  1- 3 |  4- 6 || total
-------------------------+-------+-------++-------
Melee: Long sword        |   166 |       ||   166
       Dagger            |     5 |    27 ||    32
  Use: Scroll            |     6 |       ||     6
  Eat: Chunk             |     1 |       ||     1
Armor: Scale mail        |    26 |       ||    26
       Chain mail        |    84 |     8 ||    92
Dodge: Dodged            |    33 |     5 ||    38
Block: Shield            |    92 |    13 ||   105
       Rpst.: Long sword |     9 |       ||     9
